 Dungeon Crawl Stone Soup version 0.20.1-1-g8b1a95d (console) character file.

22561 kozer the Covert (level 13, -9/89 HPs)
             Began as a Halfling Skald on July 17, 2017.
             Was a High Priest of Okawaru.
             Mangled by a salamander
             ... wielding a +0 spear
              (13 damage)
             ... in a volcano.
             The game lasted 01:12:22 (11347 turns).

kozer the Covert (Halfling Skald)                  Turns: 11347, Time: 01:12:23

Health: -9/89      AC: 11    Str: 14    XL:     13   Next: 28%
Magic:  11/16      EV: 23    Int: 28    God:    Okawaru [*****.]
Gold:   785        SH:  0    Dex: 13    Spells: 2/15 levels left

rFire    + . .     SeeInvis .   a - +1 short sword (elec)
rCold    + + .     Gourm    .   (shield restricted)
rNeg     . . .     Faith    .   h - +1 robe of the Sun {rElec Int+7 Dex-2}
rPois    +         Spirit   .   o - +0 helmet
rElec    +         Reflect  .   W - scarf of a Hundred Ships {Str+2}
rCorr    +         Harm     .   p - +1 pair of gloves
MR       .....                  O - +2 pair of boots
Stlth    ++++++....             S - amulet of Vitality {Regen+ HP+15}
Regen    1.7/turn               l - +6 ring of intelligence
MPRegen  0.2/turn               B - ring of flight

@: resistant, heroism, flying, regenerating
A: talons 1, cold resistance 1, mutation resistance 1, wild magic 1
a: Heroism, Finesse, Renounce Religion, Stop Flying


You were in a volcano.
You worshipped Okawaru.
Okawaru was extremely pleased with you.
You were not hungry.

You visited 3 branches of the dungeon, and saw 14 of its levels.
You also visited: Ossuary, Bailey and Volcano.

You collected 785 gold pieces.

Inventory:

Hand Weapons
 a - a +1 short sword of electrocution (weapon)
 b - a +2 dagger of draining
 k - a +0 rapier
Missiles
 g - 21 poisoned needles
 r - 15 sling bullets
 u - 16 tomahawks (quivered)
 H - 44 tomahawks of returning
Armour
 h - the +1 robe of the Sun (worn) {rElec Int+7 Dex-2}
   (You found it on level 5 of the Dungeon)

   It affects your intelligence (+7).
   It affects your dexterity (-2).
   It insulates you from electricity.
 o - a +0 helmet (worn)
 p - a +1 pair of gloves (worn)
 I - a +3 leather armour of fire resistance
 O - a +2 pair of boots (worn)
 W - the scarf of a Hundred Ships (worn) {Str+2}
   (Okawaru gifted it to you on level 11 of the Dungeon)

   It affects your strength (+2).
Jewellery
 l - a +6 ring of intelligence (left hand)
 v - an uncursed ring of stealth
 B - a ring of flight (right hand)
 M - a +3 ring of protection
 S - the amulet of Vitality (around neck) {Regen+ HP+15}
   (You found it on level 11 of the Dungeon)

   [amulet of regeneration]

   It affects your health (+15).
   It increases your rate of regeneration.
Wands
 D - a wand of random effects (12/48)
 F - a wand of random effects (19/48)
 K - a wand of clouds (5/9)
 Q - a wand of confusion (22/48)
 R - a wand of confusion (28/48)
Scrolls
 i - a scroll of holy word
 n - 2 scrolls of enchant armour
 s - 4 scrolls of teleportation
 y - 3 scrolls of amnesia
 C - 6 scrolls of identify
 X - a scroll of enchant weapon
Potions
 f - 5 potions of brilliance
 m - 3 potions of agility
 t - a potion of might
 w - 3 potions of lignification
 z - a potion of magic
 E - a potion of mutation
 G - 3 potions of resistance
 L - a potion of berserk rage
Books
 c - a book of Battle

   Spells                             Type                      Level
   a - Infusion                       Charms                       1
   b - Shroud of Golubria             Charms/Translocation         2
   c - Song of Slaying                Charms                       2
   d - Spectral Weapon                Hexes/Charms                 3
   e - Regeneration                   Charms/Necromancy            3
 e - the Tome of Dusty Battle Magic
   (You found it on level 11 of the Dungeon)

   Spells                             Type                      Level
   a - Shock                          Conjuration/Air              1
   b - Stone Arrow                    Conjuration/Earth            3
   c - Conjure Flame                  Conjuration/Fire             3
   d - Dazzling Spray                 Conjuration/Hexes            3
   e - Fulminant Prism                Conjuration/Hexes            4
   f - Bolt of Fire                   Conjuration/Fire             6
 q - the Volume of the Destructive Volcanoes
   (You found it on level 11 of the Dungeon)

   Spells                             Type                      Level
   a - Throw Frost                    Conjuration/Ice              2
   b - Bolt of Magma                  Conjuration/Fire/Earth       5
   c - Bolt of Fire                   Conjuration/Fire             6
 x - a book of Minor Magic

   Spells                             Type                      Level
   a - Magic Dart                     Conjuration                  1
   b - Blink                          Translocation                2
   c - Call Imp                       Summoning                    2
   d - Slow                           Hexes                        2
   e - Conjure Flame                  Conjuration/Fire             3
   f - Mephitic Cloud                 Conjuration/Poison/Air       3
 J - a book of Debilitation

   Spells                             Type                      Level
   a - Corona                         Hexes                        1
   b - Slow                           Hexes                        2
   c - Inner Flame                    Hexes/Fire                   3
   d - Portal Projectile              Hexes/Translocation          3
   e - Cause Fear                     Hexes                        4
   f - Leda's Liquefaction            Hexes/Earth                  4
 U - a book of Cantrips

   Spells                             Type                      Level
   a - Confusing Touch                Hexes                        1
   b - Animate Skeleton               Necromancy                   1
   c - Summon Small Mammal            Summoning                    1
   d - Apportation                    Translocation                1
 V - a book of Misfortune

   Spells                             Type                      Level
   a - Confusing Touch                Hexes                        1
   b - Confuse                        Hexes                        3
   c - Gell's Gravitas                Translocation                3
   d - Petrify                        Transmutation/Earth          4
   e - Metabolic Englaciation         Hexes/Ice                    5
   f - Yara's Violent Unravelling     Hexes/Transmutation          5
Miscellaneous
 P - a lamp of fire
Comestibles
 d - 9 bread rations
 j - 8 meat rations
 A - 11 fruits
 N - 8 royal jellies


   Skills:
 - Level 1.7(6.7) Fighting
 - Level 10.0(15.0) Short Blades
 + Level 8.0(13.0) Armour
 + Level 8.6(13.6) Dodging
 + Level 10.8(15.8) Stealth
 - Level 1.5 Spellcasting
 * Level 3.7 Hexes
 + Level 10.0 Charms
 + Level 6.0 Necromancy
 + Level 5.1 Translocations
 + Level 2.4 Invocations
 + Level 4.8 Evocations


You had 2 spell levels left.
You knew the following spells:

 Your Spells              Type           Power        Failure   Level  Hunger
a - Confuse               Hex            ####....     10%         3    ###....
b - Infusion              Chrm           ####         1%          1    #......
c - Song of Slaying       Chrm           ######..     1%          2    ##.....
x - Shroud of Golubria    Chrm/Tloc      ######....   1%          2    ##.....
z - Regeneration          Chrm/Necr      ######....   2%          3    ###....
B - Blink                 Tloc           N/A          3%          2    ##.....


Dungeon Overview and Level Annotations

Branches:
Dungeon (12/15)            Temple (1/1) D:7            Lair (0/6) D:8
    Orc (1/2) D:12

Altars:
Ashenzari
Cheibriados
Dithmenos
Elyvilon
Fedhas
Gozag
Hepliaklqana
Kikubaaqudgha
Makhleb
Nemelex Xobeh
Okawaru
Qazlal
Ru
Sif Muna
Trog
Uskayaw
Vehumet
Xom
Yredelemnul
Zin
The Shining One
Lugonu

Shops:
D:10 }


Innate Abilities, Weirdness & Mutations

You are small and have problems with some larger weapons.
You are somewhat resistant to further mutation.
You have sharp toenails.
Your flesh is cold resistant. (rC+)
Your spells are a little harder to cast, but a little more powerful.


Message History

The salamander hits you from afar with a halberd.
You are engulfed in flames!
You see here 2 potions of berserk rage.
You feel protected.
The salamander hits you from afar with a spear.
You are engulfed in flames!
You resist. The hell knight completely misses you.
Unknown command.
You gain the combat prowess of a mighty hero.
The salamander closely misses you. The salamander barely misses you.
Unknown command.
Casting: Infusion
Confirm with . or Enter, or press ? or * to list all spells.
Your skin crawls.
The hell knight hits you with a scimitar of flaming!!
* * * LOW HITPOINT WARNING * * *
The hell knight burns you.
* * * LOW HITPOINT WARNING * * *
The salamander closely misses you.
The salamander hits you from afar with a spear!
You die...

≈≈§≈#######
≈≈###)!![$#
##.#.).).#
#..'.!.!.+
##..'.._..+
§≈#.. #.....#
≈§#..N#######
§≈#..Np@))..+
§≈#...#..≈..#
≈§#.. #8≈≈≈8#
## +..≈..+ ≈
+.....+ §≈
#8...8#
≈≈≈###.....###≈
#≈≈≈≈≈.....§≈§§
##§§≈§8...8§§≈§


You could see a hell knight and 2 salamanders.

Vanquished Creatures
  An orc warlord (Orc:1)
  Erolcha (D:9)
  A death yak (D:8)
  A salamander mystic (Volcano)
  7 ugly things (D:11)
  2 cyclopes (D:11)
  An elephant (D:8)
  A gargoyle (D:11)
  2 hornets
  3 trolls
  A raiju (D:11)
  2 slime creatures (D:12)
  3 hippogriffs
  Sigmund (D:2)
  2 wraiths
  A wyvern (D:12)
  A vampire (D:11)
  12 yaks
  3 hungry ghosts
  2 basilisks (D:8)
  A warg (Orc:1)
  A water moccasin (D:11)
  The ghost of Knicklaso the Sneak, an amateur KoEn of Uskayaw (Ossuary)
  3 soldier ants (D:11)
  A hornet zombie (D:6)
  19 orc warriors
  7 ice beasts
  A black bear (D:11)
  2 sky beasts (D:11)
  5 ogres
  5 phantoms
  A centaur (D:9)
  A necrophage (D:11)
  A crocodile (D:9)
  A big kobold (D:6)
  7 bullfrogs
  A gnoll sergeant (D:8)
  5 water moccasin zombies
  A wyvern skeleton (D:12)
  3 scorpions
  A troll zombie (D:12)
  13 killer bees
  13 wights
  5 howler monkeys
  4 centaur zombies
  3 lava snakes (D:12)
  2 crimson imps
  A quasit (D:7)
  A bullfrog zombie (D:8)
  A jelly (D:12)
  10 orc priests
  3 bullfrog skeletons
  7 hounds
  12 orc wizards
  2 centaur skeletons
  3 iguanas
  9 worker ants
  A killer bee zombie (D:7)
  6 big kobold zombies (Ossuary)
  7 ogre zombies (D:12)
  A hound skeleton (D:7)
  A hound zombie (D:7)
  2 mummies (Ossuary)
  A worker ant zombie (D:11)
  Robin (D:2)
  17 gnolls
  10 adders
  2 shadow imps
  An ooze (D:1)
  5 adder zombies
  2 adder skeletons
  3 worms
  3 dart slugs
  5 leopard geckos
  57 orcs
  2 ball pythons
  8 bats
  7 giant cockroaches
  3 gnoll zombies (Ossuary)
  14 goblins
  10 hobgoblins
  4 jackals (D:3)
  28 kobolds
  6 quokkas
  4 frilled lizards
  3 goblin skeletons (D:12)
  2 goblin zombies (D:12)
  A hobgoblin skeleton (D:12)
  9 hobgoblin zombies
  A jackal zombie (D:6)
  5 kobold zombies (Ossuary)
  A leopard gecko skeleton (D:6)
  3 orc skeletons (D:12)
  10 orc zombies (D:12)
  A quokka skeleton (D:5)
  8 rats
  2 butterflies (D:6)
462 creatures vanquished.

Notes
Turn   | Place    | Note
-------+----------+-------------------------------------------
     0 | D:1      | kozer the Halfling Skald began the quest for the Orb.
     0 | D:1      | Reached XP level 1. HP: 14/14 MP: 3/3
   100 | D:1      | Reached XP level 2. HP: 14/19 MP: 0/4
   122 | D:1      | Learned a level 2 spell: Shroud of Golubria
   304 | D:1      | Reached XP level 3. HP: 20/24 MP: 0/5
   713 | D:2      | Reached XP level 4. HP: 27/29 MP: 3/6
   749 | D:2      | Learned a level 3 spell: Regeneration
  1038 | D:2      | Noticed Sigmund
  1058 | D:2      | Noticed Robin
  1192 | D:3      | Reached skill level 5 in Short Blades
  1192 | D:3      | Reached XP level 5. HP: 24/34 MP: 0/7
  1376 | D:3      | Found a shadowy altar of Dithmenos.
  1464 | D:2      | Killed Robin
  1479 | D:2      | Gained mutation: You are partially covered in rugged brown scales. (AC +1, +3% HP) [potion of mutation]
  1662 | D:3      | Reached XP level 6. HP: 39/40 MP: 4/8
  1952 | D:2      | Killed Sigmund
  1952 | D:2      | Reached skill level 5 in Charms
  1952 | D:2      | Reached XP level 7. HP: 38/45 MP: 0/9
  2178 | D:4      | Found a sand-covered staircase.
  2225 | D:4      | Learned a level 2 spell: Song of Slaying
  2227 | Ossuary  | Entered an ossuary
  2229 | Ossuary  | Noticed Knicklaso's ghost (amateur KoEn)
  2260 | Ossuary  | Killed Knicklaso's ghost
  2395 | Ossuary  | Reached skill level 1 in Necromancy
  2448 | Ossuary  | Reached XP level 8. HP: 24/50 MP: 0/10
  2833 | D:4      | Lost mutation: You are partially covered in rugged brown scales. (AC +1, +3% HP) [potion of mutation]
  2833 | D:4      | Gained mutation: Armour fits poorly on your strangely shaped body. [potion of mutation]
  2834 | D:4      | Lost mutation: Armour fits poorly on your strangely shaped body. [potion of mutation]
  2834 | D:4      | Gained mutation: Your flesh is cold resistant. (rC+) [potion of mutation]
  2834 | D:4      | Gained mutation: You have sharp toenails. [potion of mutation]
  2834 | D:4      | Gained mutation: Your spells are a little harder to cast, but a little more powerful. [potion of mutation]
  3352 | D:5      | Entered Level 5 of the Dungeon
  3433 | D:5      | Found a sparkling altar of Nemelex Xobeh.
  3495 | D:5      | Found a basalt altar of Yredelemnul.
  3505 | D:5      | Reached skill level 1 in Stealth
  3832 | D:5      | Got a brightly glowing robe
  3843 | D:5      | Identified the +1 robe of the Sun {rElec Int+7 Dex-2} (You found it on level 5 of the Dungeon)
  4022 | D:6      | Reached XP level 9. HP: 40/54 MP: 1/11
  4107 | D:7      | Noticed a hippogriff
  4121 | D:7      | Killed a hippogriff
  4194 | D:7      | Noticed a troll
  4255 | D:7      | Killed a troll
  4387 | D:7      | Noticed a hippogriff
  4396 | D:7      | Killed a hippogriff
  4402 | D:7      | Found a staircase to the Ecumenical Temple.
  4408 | Temple   | Entered the Ecumenical Temple
  4465 | Temple   | Became a worshipper of Warmaster Okawaru
  4698 | D:6      | Found a white marble altar of Elyvilon.
  4790 | D:6      | Reached skill level 5 in Stealth
  4812 | D:6      | Found a shimmering altar of Xom.
  5030 | D:6      | Reached skill level 5 in Dodging
  5113 | D:6      | Reached * piety under Okawaru
  5200 | D:6      | Reached XP level 10. HP: 51/60 MP: 0/12
  5698 | D:8      | Found a staircase to the Lair.
  5698 | D:8      | Noticed a death yak
  5699 | D:8      | Noticed an elephant
  5734 | D:8      | Killed a death yak
  5734 | D:8      | Reached skill level 5 in Armour
  5807 | D:8      | Killed an elephant
  5807 | D:8      | Reached ** piety under Okawaru
  5828 | D:8      | Reached skill level 10 in Short Blades
  6346 | D:8      | Found an opulent altar of Gozag.
  6525 | D:9      | Learned a level 2 spell: Blink
  6561 | D:9      | Reached XP level 11. HP: 64/64 MP: 2/13
  6610 | D:9      | Found an iron altar of Okawaru.
  6740 | D:9      | Noticed Erolcha
  6750 | D:9      | Killed Erolcha
  6750 | D:9      | Reached *** piety under Okawaru
  6750 | D:9      | Reached skill level 1 in Translocations
  6750 | D:9      | Reached skill level 1 in Evocations
  7024 | D:10     | Entered Level 10 of the Dungeon
  7305 | D:10     | Found Laru's Gadget Boutique.
  7446 | D:10     | Reached **** piety under Okawaru
  8028 | D:11     | Reached skill level 5 in Necromancy
  8234 | D:11     | Reached ***** piety under Okawaru
  8275 | D:11     | Noticed a cyclops
  8343 | D:11     | Killed a cyclops
  8474 | D:11     | Reached XP level 12. HP: 55/70 MP: 1/14
  8610 | D:11     | Reached skill level 10 in Stealth
  8737 | D:11     | Learned a level 3 spell: Confuse
  8842 | D:11     | Found a transporter.
  8993 | D:11     | Found a corrupted altar of Lugonu.
  9041 | D:11     | Reached skill level 1 in Hexes
  9062 | D:11     | Found a transporter.
  9064 | D:11     | Identified the Volume of the Destructive Volcanoes
  9067 | D:11     | Received a gift from Okawaru
  9068 | D:11     | Got a fine scarf {god gift}
  9111 | D:11     | Identified the scarf of a Hundred Ships {Str+2} (Okawaru gifted it to you on level 11 of the Dungeon)
  9212 | D:11     | Identified the Tome of Dusty Battle Magic
  9249 | D:12     | Found a flagged portal.
  9283 | Bailey   | Entered a bailey
 10013 | D:12     | Found a staircase to the Orcish Mines.
 10144 | D:12     | Reached skill level 1 in Invocations
 10614 | D:12     | Reached ****** piety under Okawaru
 10698 | D:12     | Reached XP level 13. HP: 74/74 MP: 9/16
 10888 | Orc:1    | Entered Level 1 of the Orcish Mines
 10955 | Orc:1    | Noticed an orc warlord
 11004 | Orc:1    | Killed an orc warlord
 11004 | Orc:1    | Reached skill level 5 in Translocations
 11272 | Orc:1    | Found a dark tunnel.
 11277 | Volcano  | Entered a volcano
 11331 | Volcano  | Found a radiant altar of Vehumet.
 11335 | Volcano  | Reached skill level 10 in Charms
 11347 | Volcano  | HP: 4/89 [hell knight/scimitar of flaming (6)]
 11347 | Volcano  | Mangled by a salamander

Skill      XL: |  1  2  3  4  5  6  7  8  9 10 11 12 13 |
---------------+----------------------------------------+-----
Short Blades   | 3 4 5 6 8 9 10 | 10.0
Charms         | 4 5 6 7 8 9 10 | 10.0
Necromancy     | 1 2 3 4 5 6 |  6.0
Armour         | 3 4 5 6 7 8 |  8.0
Dodging        | 3 5 6 7 8 |  8.6
Stealth        | 2 5 8 9 10 | 10.8
Translocations | 3 4 5 |  5.1
Evocations     | 2 4 |  4.8
Hexes          | 3 |  3.7
Invocations    | 1 2 |  2.4
Fighting       | |  1.7
Spellcasting   | |  1.5

Action                   |  1- 3 |  4- 6 |  7- 9 | 10-12 | 13-15 || total
-------------------------+-------+-------+-------+-------+-------++-------
Melee: Dagger            |    70 |   121 |   602 |   897 |       ||  1690
       Short sword       |     3 |       |       |   345 |   173 ||   521
       Kick              |       |       |    71 |    77 |       ||   148
       Punch             |       |       |       |     1 |       ||     1
Throw: Tomahawk          |       |       |     3 |       |       ||     3
 Cast: Infusion          |    13 |    13 |    34 |    62 |     6 ||   128
       Regeneration      |       |     1 |     8 |    12 |     4 ||    25
       Shroud of Golubri |       |     2 |     5 |    16 |     3 ||    26
       Song of Slaying   |       |       |     2 |     8 |     1 ||    11
       Blink             |       |       |       |     2 |       ||     2
       Confuse           |       |       |       |     1 |       ||     1
Invok: Heroism           |       |       |       |     8 |     2 ||    10
 Abil: Evoke Flight      |       |       |       |     3 |     1 ||     4
       Stop Flying       |       |       |       |     1 |       ||     1
Evoke: Wand              |       |       |     4 |     8 |     2 ||    14
  Use: Scroll            |       |     2 |     6 |    17 |     2 ||    27
       Potion            |       |     3 |     3 |    17 |     3 ||    26
 Stab: Sleeping          |       |       |     6 |    21 |     2 ||    29
       Confused          |       |       |     1 |     3 |     5 ||     9
       Distracted        |       |       |       |     4 |     1 ||     5
  Eat: Chunk             |       |     4 |    12 |    24 |     3 ||    43
       Fruit             |       |       |     2 |       |       ||     2
       Royal jelly       |       |       |       |     2 |     2 ||     4
Armor: Leather armour    |     5 |    13 |    48 |       |       ||    66
       Skin              |       |     5 |    15 |       |       ||    20
       Robe              |       |       |    40 |   154 |    29 ||   223
Dodge: Dodged            |    34 |    61 |   275 |   685 |   115 ||  1170
